 Dungeon Crawl Stone Soup version 0.29-a0-23-ga79f92ac9c (webtiles) character file.

Game seed: 7435453813054413473

6 Ajdolov the Chiller (level 1, -2/24 HPs)
             Began as an Ogre Ice Elementalist on Jan 30, 2022.
             Frozen to death by an endoplasm (5 damage)
             ... on level 1 of the Dungeon.
             The game lasted 00:00:42 (226 turns).

Ajdolov the Chiller (Ogre Ice Elementalist)          Turns: 226, Time: 00:00:42

Health: -2/24      AC: 20    Str: 11    XL:     1   Next: 90%
Magic:  1/4        EV:  1    Int: 16    God:
Gold:   10         SH:  0    Dex:  9    Spells: 4/5 levels left

rFire   . . .      SeeInvis .   (no weapon)
rCold   . . .      Faith    .   (no shield)
rNeg    . . .      Spirit   .   (armour currently unavailable)
rPois   +          Reflect  .   (helmet currently unavailable)
rElec   .          Harm     .   (cloak currently unavailable)
rCorr   .          Rampage  .   (gloves unavailable)
Will    .....      NoTele   +   (boots unavailable)
Stlth   +.........              (no amulet)
HPRegen 0.08/turn               (no ring)
MPRegen 0.09/turn               (no ring)

@: tree-form
A: stationary, stasis, torment immunity, boosted hp, large, unfitting armour,
(tough skin 1)
a: no special abilities


You were on level 1 of the Dungeon.
You were a tree.
You visited 1 branch of the dungeon, and saw 1 of its levels.

You collected 10 gold pieces.

Inventory:

Armour
 a - a +0 robe (melded)
Scrolls
 d - a scroll of enchant armour {unknown}
 e - a scroll of fear {unknown}
Potions
 c - a potion of heal wounds {unknown}


   Skills:
 - Level 1.7 Dodging
 - Level 1.4 Stealth
 + Level 2.6 Spellcasting
 * Level 3.8 Ice Magic


You had 4 spell levels left.
You knew the following spells:

 Your Spells              Type           Power      Damage    Failure   Level
a - Freeze                Ice            56%        1d7       4%          1

Your spell library contained the following spells:

 Spells                   Type           Power      Damage    Failure   Level
 Frozen Ramparts          Ice            28%        1d4       12%         3
 Ozocubu's Armour         Ice            14%        N/A       12%         3
 Hailstorm                Conj/Ice       8%         3d4       65%         4


Dungeon Overview and Level Annotations

Branches:
Dungeon (1/15)

Altars:


Innate Abilities, Weirdness & Mutations

You are a tree.
Your roots penetrate the ground, keeping you stationary.
You cannot be teleported.
You are immune to unholy pain and torment.
Your maximum health is greatly increased.
Your equipment is partially melded.
You are too large for most types of armour.
((You have tough skin. (AC +1)))


Message History

You hit the jackal.
You kill the jackal!
Aiming: Freeze (safe; 4% risk of failure)
Press: ? - help, Q - select action Shift-Dir - straight line, f - jackal
Aim: a jackal You freeze the jackal.
The jackal is heavily wounded.
The jackal closely misses you. The jackal bites you.
You closely miss the jackal.
The jackal is heavily wounded.
The jackal barely misses you.
You hit the jackal.
The jackal is almost dead.
The jackal bites you but does no damage.
Your magical contamination has completely faded away.
You miss the jackal.
The jackal is almost dead.
The jackal bites you. x2
* * * LOW HITPOINT WARNING * * *
The jackal bites you.
* * * LOW HITPOINT WARNING * * *
As you open the door, it creaks loudly!
An endoplasm comes into view.
The endoplasm quivers.
The jackal bites you but does no damage.
Found a fizzy red potion.
It was a potion of lignification.
You turn into a tree.
Your +0 robe melds into your body.
Your roots penetrate the ground.
The jackal bites you but does no damage.
You don't have enough magic to cast this spell.
You barely miss the jackal.
The jackal is severely wounded.
The jackal bites you but does no damage. x2
You smack the jackal!
You kill the jackal!
You barely miss the jackal.
The jackal bites you but does no damage.
The endoplasm freezes you.
You are frozen.
You die...

.# #....###....# ##
#....###....# #
#....+......# . . #
#....##.....# .....
#####.....#.....##......
.............h...g......
.............h..h......!
#########.#.######......
.............†gh♣J......
.########.#.######......
.#........#.............
.#.##########'##########
.#.#..# ##PP#.#PP##
.#.#..###P≈≈#.#..P##
.#.#..##P≈≈≈#.#P.PP##
##.#..#P≈≈≈≈#.#...PP#
##'#..#P≈≈≈≈#.#....P#


You could see an endoplasm, a jackal and a goblin.

Vanquished Creatures
  A goblin (D:1)
  A hobgoblin (D:1)
  2 jackals (D:1)
  A rat (D:1)
5 creatures vanquished.

Notes
Turn   | Place    | Note
-------+----------+-------------------------------------------
     0 | D:1      | Ajdolov the Ogre Ice Elementalist began the quest for the
                  | Orb.
     0 | D:1      | Reached XP level 1. HP: 16/16 MP: 3/3
   226 | D:1      | Frozen to death by an endoplasm

Illustrated notes

Levels and vault maps discovered:
D:1:      psy_arrival_terrarium, layout_basic

Action                   || total
-------------------------++-------
Melee: Unarmed           ||     9
 Cast: Freeze            ||     6
  Use: Potion            ||     1
 Stab: Sleeping          ||     1
Armor: Skin              ||     4
       Robe              ||     3
Dodge: Dodged            ||     6

Table legend: (Time is in decaauts)
 A = Elapsed time spent in this place.
 B = Non-inter-level travel time spent in this place.
 C = Inter-level travel time spent in this place.
 D = Time resting spent in this place.
 E = Time spent auto-exploring this place.
 F = Levels seen in this place.
 G = Mean time per level.
                   A        B        C        D        E       F      G
               +--------+--------+--------+--------+--------+-----+--------+
         Total |    226 |    226 |      0 |      0 |    180 |   1 |  226.0 |
       Dungeon |    226 |    226 |      0 |      0 |    180 |   1 |  226.0 |
               +--------+--------+--------+--------+--------+-----+--------+

Top non-repeatable levels by time:
     D:1: 226 daAuts
